CAL
SAN JOSE GIANTS @ MODESTO NUTS
05/27/2099
 
TOP OF THE 1ST
San Jose Giants batting - Pitching for Modesto Nuts : RHP Miles Plunkett
Pitching: RHP Miles Plunkett
Batting: RHB John Epley 0-0: Bunt for hit to 3S - play at first, batter OUT! 3-4
Batting: RHB Dan Harrison 0-0: Ball
1-0: Ground out 5-3 (Groundball, 56, EV 99.4 MPH)
Batting: LHB Justin Johnson 0-0: Ball
1-0: Ball
2-0: Ball
3-0: Called Strike
3-1: Foul Ball, location: 7LDF
3-2: Fly out, F9 (Flyball, 89M, EV 92.5 MPH)
Top of the 1st over - 0 runs, 0 hits, 0 errors, 0 left on base; San Jose 0 - Modesto 0
BOTTOM OF THE 1ST
Modesto Nuts batting - Pitching for San Jose Giants : RHP Theodosio Frias
Pitching: RHP Theodosio Frias
Batting: LHB Evan Hood 0-0: Ball
1-0: Ball
2-0: Ball
3-0: Called Strike
3-1: Called Strike
3-2: Ground out U3 (Groundball, 3, EV 81.9 MPH)
Batting: RHB Danny Morales 0-0: Ground out 3-1 (Groundball, 34, EV 83.1 MPH)
Batting: RHB Hector Machuca 0-0: Called Strike
0-1: Called Strike
0-2: Ball
1-2: Fly out, F4 (Popup, 4S, EV 73.8 MPH)
Bottom of the 1st over - 0 runs, 0 hits, 0 errors, 0 left on base; San Jose 0 - Modesto 0
TOP OF THE 2ND
San Jose Giants batting - Pitching for Modesto Nuts : RHP Miles Plunkett
Batting: RHB Jonathan Rosario 0-0: DOUBLE (Line Drive, 89M, EV 110.6 MPH)
Batting: SHB Bryan Edwards 0-0: Called Strike
0-1: Called Strike
0-2: Ball
1-2: Ball
2-2: Foul Ball, location: 3FF
2-2: Strikes out swinging
Batting: RHB Campbell Ball 0-0: Called Strike
0-1: Ball
1-1: Called Strike
1-2: Ball
2-2: SINGLE (Groundball, 56D, EV 105.0 MPH)
Jonathan Rosario to third
Runner from 3rd tries for Home, SAFE, throw by LF to home
Campbell Ball to second
Batting: LHB Jeff Reed 0-0: Ball
1-0: Foul Ball, location: 2F
1-1: Swinging Strike
1-2: Strikes out looking
Batting: RHB Chris Meyer 0-0: DOUBLE (Flyball, 78XD, EV 111.3 MPH)
Campbell Ball scores
Batting: RHB Jonathan Marrazzo 0-0: Swinging Strike
0-1: Foul Ball, location: 23F
0-2: Strikes out swinging
Top of the 2nd over - 2 runs, 3 hits, 0 errors, 1 left on base; San Jose 2 - Modesto 0
BOTTOM OF THE 2ND
Modesto Nuts batting - Pitching for San Jose Giants : RHP Theodosio Frias
Batting: SHB John Hardy 0-0: Called Strike
0-1: Foul Ball, location: 3DF
0-2: Fly out, F4 (Popup, 4M, EV 71.9 MPH)
Batting: LHB Matt Fahey 0-0: Called Strike
0-1: Fly out, F8 (Flyball, 8LD, EV 96.3 MPH)
Batting: RHB Matt Grindy 0-0: Ball
1-0: Called Strike
1-1: Ball
2-1: Foul Ball, location: 5FF
2-2: Ball
3-2: Foul Ball, location: 3FF
3-2: Base on Balls
Batting: RHB Jason Samples 0-0: Ball
1-0: Fielders Choice at 2nd, 6-4 (Groundball, 6, EV 93.1 MPH)
Bottom of the 2nd over - 0 runs, 0 hits, 0 errors, 1 left on base; San Jose 2 - Modesto 0
TOP OF THE 3RD
San Jose Giants batting - Pitching for Modesto Nuts : RHP Miles Plunkett
Batting: RHB John Epley 0-0: Ball
1-0: Ball
2-0: SINGLE (Groundball, 4MD, EV 98.8 MPH)
Batting: RHB Dan Harrison 0-0: Swinging Strike
0-1: Called Strike
0-2: Strikes out looking
Batting: LHB Justin Johnson 0-0: Ball
1-0: Ball
2-0: Ball
3-0: Called Strike
3-1: Base on Balls
John Epley to second
Batting: RHB Jonathan Rosario 0-0: Ball
1-0: Ball
2-0: Ball
3-0: Base on Balls
John Epley to third
Justin Johnson to second
Batting: SHB Bryan Edwards 0-0: Ball
1-0: Called Strike
1-1: Ground out 6-3 (Groundball, P, EV 85.6 MPH)
John Epley scores
Justin Johnson to third
Jonathan Rosario to second
Batting: RHB Campbell Ball 0-0: Ball
1-0: Foul Ball, location: 2F
1-1: Foul Ball, location: 7LMF
1-2: Strikes out swinging
Top of the 3rd over - 1 run, 1 hit, 0 errors, 2 left on base; San Jose 3 - Modesto 0
BOTTOM OF THE 3RD
Modesto Nuts batting - Pitching for San Jose Giants : RHP Theodosio Frias
Batting: RHB Tony Olvera 0-0: Ball
1-0: Called Strike
1-1: Ball
2-1: Swinging Strike
2-2: Fly out, F7 (Flyball, 7D, EV 109.4 MPH)
Batting: RHB Miguel Contreras 0-0: Fly out, F7 (Line Drive, 78M, EV 85.6 MPH)
Batting: LHB Evan Hood 0-0: Ball
1-0: Ball
2-0: Fly out, F4 (Popup, 34S, EV 73.8 MPH)
Bottom of the 3rd over - 0 runs, 0 hits, 0 errors, 0 left on base; San Jose 3 - Modesto 0
TOP OF THE 4TH
San Jose Giants batting - Pitching for Modesto Nuts : RHP Miles Plunkett
Batting: LHB Jeff Reed 0-0: Fly out, F7 (Flyball, 7, EV 90.6 MPH)
Batting: RHB Chris Meyer 0-0: Called Strike
0-1: Ball
1-1: Foul Ball, location: 2F
1-2: Fly out, F8 (Line Drive, 78M, EV 103.8 MPH)
Batting: RHB Jonathan Marrazzo 0-0: Called Strike
0-1: Ball
1-1: Called Strike
1-2: Ground out 1-3 (Groundball, 13S, EV 76.3 MPH)
Top of the 4th over - 0 runs, 0 hits, 0 errors, 0 left on base; San Jose 3 - Modesto 0
BOTTOM OF THE 4TH
Modesto Nuts batting - Pitching for San Jose Giants : RHP Theodosio Frias
Batting: RHB Danny Morales 0-0: Swinging Strike
0-1: Foul Ball, location: 25FF
0-2: Ball
1-2: Ball
2-2: Foul Ball, location: 7LMF
2-2: Strikes out looking
Batting: RHB Hector Machuca 0-0: Ball
1-0: Called Strike
1-1: Swinging Strike
1-2: Ball
2-2: Strikes out swinging
Batting: SHB John Hardy 0-0: Foul Ball, location: 2F
0-1: Ground out 1-3 (Groundball, 34S, EV 72.5 MPH)
Bottom of the 4th over - 0 runs, 0 hits, 0 errors, 0 left on base; San Jose 3 - Modesto 0
TOP OF THE 5TH
San Jose Giants batting - Pitching for Modesto Nuts : RHP Miles Plunkett
Batting: RHB John Epley 0-0: Ball
1-0: Called Strike
1-1: Foul Ball, location: 5SF
1-2: Ground out 5-3 (Groundball, 56, EV 79.4 MPH)
Batting: RHB Dan Harrison 0-0: Called Strike
0-1: Ball
1-1: Ball
2-1: SINGLE (Line Drive, 8LS, EV 91.3 MPH)
Batting: LHB Justin Johnson 0-0: Ball
1-0: Ball
Dan Harrison steals 2nd base
2-0: Fly out, F8 (Flyball, 8LXD, EV 105.6 MPH)
Runner from 2nd tags up, SAFE at 3rd, no throw by CF
Batting: RHB Jonathan Rosario 0-0: Ball
1-0: SINGLE (Line Drive, 4D, EV 93.8 MPH)
Dan Harrison scores
Batting: SHB Bryan Edwards 0-0: Ball
1-0: Called Strike
1-1: Ball
2-1: Swinging Strike
2-2: Strikes out swinging
Top of the 5th over - 1 run, 2 hits, 0 errors, 1 left on base; San Jose 4 - Modesto 0
BOTTOM OF THE 5TH
Modesto Nuts batting - Pitching for San Jose Giants : RHP Theodosio Frias
Batting: LHB Matt Fahey 0-0: Swinging Strike
0-1: Ball
1-1: Called Strike
1-2: Ball
2-2: Foul Ball, location: 2F
2-2: Foul Ball, location: 7LSF
2-2: DOUBLE (Line Drive, 7LD, EV 96.3 MPH)
Batting: RHB Matt Grindy 0-0: Called Strike
0-1: Swinging Strike
0-2: Ground out 6-3 (Groundball, 6, EV 88.8 MPH)
Batting: RHB Jason Samples 0-0: Foul Ball, location: 23FF
0-1: Ball
1-1: Ball
2-1: Ball
3-1: Foul Ball, location: 5FF
3-2: Base on Balls
Batting: RHB Tony Olvera 0-0: Ball
1-0: Foul Ball, location: 2F
1-1: Ball
2-1: DOUBLE (Line Drive, 78D, EV 107.5 MPH)
Matt Fahey scores
Jason Samples to third
Runner from 3rd tries for Home, SAFE, throw by LF to home
Batting: RHB Miguel Contreras 0-0: Called Strike
0-1: Ball
1-1: Swinging Strike
1-2: Fly out, F8 (Flyball, 8RD, EV 95.0 MPH)
Batting: LHB Evan Hood 0-0: Called Strike
0-1: Swinging Strike
0-2: Strikes out looking
Bottom of the 5th over - 2 runs, 2 hits, 0 errors, 1 left on base; San Jose 4 - Modesto 2
TOP OF THE 6TH
San Jose Giants batting - Pitching for Modesto Nuts : RHP Miles Plunkett
Batting: RHB Campbell Ball 0-0: Ball
1-0: Ground out 4-3 (Groundball, 4, EV 86.9 MPH)
Batting: LHB Jeff Reed 0-0: Foul Ball, location: 5DF
0-1: Called Strike
0-2: Ball
1-2: Fly out, F9 (Flyball, 89D, EV 99.4 MPH)
Batting: RHB Chris Meyer 0-0: Ball
1-0: Ball
2-0: Ball
3-0: Foul Ball, location: 2F
3-1: Foul Ball, location: 2RF
3-2: SINGLE (Line Drive, 7S, EV 104.4 MPH)
Pitching: RHP Juan Rendon
Batting: RHB Jonathan Marrazzo 0-0: Called Strike
0-1: Swinging Strike
0-2: Strikes out swinging
Top of the 6th over - 0 runs, 1 hit, 0 errors, 1 left on base; San Jose 4 - Modesto 2
BOTTOM OF THE 6TH
Modesto Nuts batting - Pitching for San Jose Giants : RHP Theodosio Frias
Batting: RHB Danny Morales 0-0: Ball
1-0: Ball
2-0: Ground out 2-3 (Groundball, 13S, EV 69.4 MPH)
Batting: RHB Hector Machuca 0-0: Foul Ball, location: 3F
0-1: SOLO HOME RUN (Flyball, 9D, EV 91.3 MPH), Distance : 343 ft
Batting: SHB John Hardy 0-0: Called Strike
0-1: Called Strike
0-2: Ball
1-2: Strikes out swinging
Batting: LHB Matt Fahey 0-0: Swinging Strike
0-1: Fly out, F7 (Flyball, 7D, EV 103.1 MPH)
Bottom of the 6th over - 1 run, 1 hit, 0 errors, 0 left on base; San Jose 4 - Modesto 3
TOP OF THE 7TH
San Jose Giants batting - Pitching for Modesto Nuts : RHP Juan Rendon
Batting: RHB John Epley 0-0: Called Strike
0-1: Called Strike
0-2: Ball
1-2: Ground out 5-3 (Groundball, 5L, EV 85.0 MPH)
Batting: RHB Dan Harrison 0-0: Foul Ball, location: 2F
0-1: Ball
1-1: Ball
2-1: Ball
3-1: Called Strike
3-2: Base on Balls
Batting: LHB Justin Johnson 0-0: Ball
1-0: Called Strike
1-1: Foul Ball, location: 2F
1-2: Strikes out looking
Batting: RHB Jonathan Rosario 0-0: Foul Ball, location: 2F
0-1: Foul Ball, location: 2F
0-2: Ball
Dan Harrison steals 2nd base
1-2: Strikes out swinging
Top of the 7th over - 0 runs, 0 hits, 0 errors, 1 left on base; San Jose 4 - Modesto 3
BOTTOM OF THE 7TH
Modesto Nuts batting - Pitching for San Jose Giants : RHP Theodosio Frias
Pitching: RHP Art Putman
Batting: RHB Matt Grindy 0-0: Ball
1-0: Ball
2-0: Foul Ball, location: 5F
2-1: Ball
3-1: Called Strike
3-2: Fly out, F9 (Flyball, 9, EV 77.5 MPH)
Batting: RHB Jason Samples 0-0: Called Strike
0-1: DOUBLE (Line Drive, 78D, EV 111.9 MPH)
Batting: RHB Tony Olvera 0-0: Ball
1-0: SINGLE (Line Drive, 8LS, EV 99.4 MPH)
Jason Samples to third
Runner from 3rd tries for Home, SAFE, throw by CF to home
Batting: RHB Miguel Contreras 0-0: Ball
1-0: Grounds into double play, 6-4-3 (Groundball, 6, EV 85.6 MPH)
Bottom of the 7th over - 1 run, 2 hits, 0 errors, 0 left on base; San Jose 4 - Modesto 4
TOP OF THE 8TH
San Jose Giants batting - Pitching for Modesto Nuts : RHP Juan Rendon
Pitching: RHP Chris Stevens
Batting: SHB Bryan Edwards 0-0: Ball
1-0: Foul Ball, location: 7LDF
1-1: Called Strike
1-2: SINGLE (Line Drive, 4MD, EV 106.3 MPH)
Pinch Hitting: SHB Jared LaCount 0-0: Swinging Strike
0-1: Ground out 5-3 (Groundball, 13, EV 83.1 MPH)
Bryan Edwards to second
Batting: LHB Jeff Reed 0-0: Intentional Walk
Batting: RHB Chris Meyer 0-0: Fly out, F6 (Popup, P, EV 75.0 MPH)
Batting: RHB Jonathan Marrazzo 0-0: Called Strike
0-1: Called Strike
0-2: Ball
1-2: SINGLE (Groundball, 4M, EV 102.5 MPH) (infield hit)
Bryan Edwards to third
Jeff Reed to second
Pinch Hitting: RHB Matt Jacobs 0-0: Ball
1-0: Fly out, F7 (Flyball, 78M, EV 91.3 MPH)
Top of the 8th over - 0 runs, 2 hits, 0 errors, 3 left on base; San Jose 4 - Modesto 4
BOTTOM OF THE 8TH
Modesto Nuts batting - Pitching for San Jose Giants : RHP Art Putman
Pitching: LHP Alberto Vasquez
Now at 2B: Dave McDonald
Now at SS: Matt Jacobs
Pinch Hitting: RHB Danny Piedrahita 0-0: Foul Ball, location: 9LMF
0-1: Ball
1-1: Foul Ball, location: 25F
1-2: Ball
2-2: Strikes out swinging
Batting: RHB Danny Morales 0-0: Ball
1-0: Ground out 3-1 (Groundball, 3D, EV 105.6 MPH)
Batting: RHB Hector Machuca 0-0: Called Strike
0-1: Foul Ball, location: 2F
0-2: Ball
1-2: Ball
2-2: Foul Ball, location: 9LMF
2-2: Strikes out swinging
Bottom of the 8th over - 0 runs, 0 hits, 0 errors, 0 left on base; San Jose 4 - Modesto 4
TOP OF THE 9TH
San Jose Giants batting - Pitching for Modesto Nuts : RHP Chris Stevens
Now in LF: Victor Urena
Pinch Hitting: LHB Roger Morales 0-0: Foul Ball, location: 5FF
0-1: Ball
1-1: Ball
2-1: Ball
3-1: Foul Ball, location: 3F
3-2: Strikes out swinging
Batting: LHB Justin Johnson 0-0: Ball
1-0: Called Strike
1-1: SINGLE (Groundball, 34D, EV 98.1 MPH)
Batting: RHB Jonathan Rosario 0-0: Ball
1-0: Swinging Strike
1-1: Foul Ball, location: 9LSFF
1-2: Strikes out swinging
Batting: SHB Bryan Edwards 0-0: Ball
1-0: Ball
2-0: Foul Ball, location: 2F
2-1: Called Strike
2-2: Foul Ball, location: 25F
2-2: Ball
3-2: Foul Ball, location: 7LMF
3-2: Base on Balls
Justin Johnson to second
Batting: RHB Dave McDonald 0-0: Foul Ball, location: 2F
0-1: Ball
1-1: Swinging Strike
1-2: Strikes out looking
Top of the 9th over - 0 runs, 1 hit, 0 errors, 2 left on base; San Jose 4 - Modesto 4
BOTTOM OF THE 9TH
Modesto Nuts batting - Pitching for San Jose Giants : LHP Alberto Vasquez
Now in LF: William Rodriguez
Batting: SHB John Hardy 0-0: Called Strike
0-1: Ball
1-1: Foul Ball, location: 2F
1-2: Ball
2-2: Strikes out swinging
Batting: RHB Ryan Williams 0-0: Ball
1-0: Called Strike
1-1: Ball
2-1: Swinging Strike
2-2: Strikes out swinging
Batting: RHB Matt Grindy 0-0: Called Strike
0-1: Ball
1-1: Ball
2-1: Foul Ball, location: 9LDF
2-2: Ball
3-2: Strikes out swinging
Bottom of the 9th over - 0 runs, 0 hits, 0 errors, 0 left on base; San Jose 4 - Modesto 4
TOP OF THE 10TH
San Jose Giants batting - Pitching for Modesto Nuts : RHP Chris Stevens
Pitching: RHP Kyle Clark
Batting: LHB Jeff Reed 0-0: Called Strike
0-1: Called Strike
0-2: Ball
1-2: Foul Ball, location: 2F
1-2: Strikes out swinging
Batting: RHB Chris Meyer 0-0: Ball
1-0: Called Strike
1-1: Foul Ball, location: 2LF
1-2: Ball
2-2: Strikes out looking
Batting: RHB Jonathan Marrazzo 0-0: Swinging Strike
0-1: Swinging Strike
0-2: Fly out, F9 (Flyball, 9S, EV 88.1 MPH)
Top of the 10th over - 0 runs, 0 hits, 0 errors, 0 left on base; San Jose 4 - Modesto 4
BOTTOM OF THE 10TH
Modesto Nuts batting - Pitching for San Jose Giants : LHP Alberto Vasquez
Batting: RHB Jason Samples 0-0: Foul Ball, location: 5FF
0-1: Called Strike
0-2: SINGLE (Flyball, 8RM, EV 89.4 MPH)
Batting: RHB Tony Olvera 0-0: Called Strike
0-1: Ball
1-1: DOUBLE (Line Drive, 7LS, EV 104.4 MPH)
Jason Samples to third
Batting: RHB Miguel Contreras 0-0: Ball
1-0: Ball
2-0: Called Strike
2-1: Foul Ball, location: 2F
2-2: Ground out 6-3 (Groundball, 6, EV 106.9 MPH)
Batting: RHB Victor Urena 0-0: Fly out, F3 (Popup, 3S, EV 71.9 MPH)
Batting: RHB Danny Morales 0-0: Called Strike
0-1: Swinging Strike
0-2: Strikes out looking
Bottom of the 10th over - 0 runs, 2 hits, 0 errors, 2 left on base; San Jose 4 - Modesto 4
TOP OF THE 11TH
San Jose Giants batting - Pitching for Modesto Nuts : RHP Kyle Clark
Batting: RHB Matt Jacobs 0-0: Swinging Strike
0-1: Fly out, F4 (Popup, 4S, EV 69.4 MPH)
Batting: RHB William Rodriguez 0-0: Foul Ball, location: 2F
0-1: Ball
1-1: Ball
2-1: Foul Ball, location: 9LMF
2-2: Strikes out swinging
Batting: LHB Justin Johnson 0-0: Called Strike
0-1: Ball
1-1: Fly out, F8 (Flyball, 8LD, EV 90.6 MPH)
Top of the 11th over - 0 runs, 0 hits, 0 errors, 0 left on base; San Jose 4 - Modesto 4
BOTTOM OF THE 11TH
Modesto Nuts batting - Pitching for San Jose Giants : LHP Alberto Vasquez
Pitching: LHP Jose Figueroa
Batting: RHB Hector Machuca 0-0: Called Strike
0-1: Ball
1-1: SOLO HOME RUN (Flyball, 9D, EV 95.6 MPH), Distance : 361 ft
Bottom of the 11th over - 1 run, 1 hit, 0 errors, 0 left on base; San Jose 4 - Modesto 5
Sunday, May 5th , 2024 - OOTP Baseball 24.11 Build 85